 Dungeon Crawl Stone Soup version 0.29-a0-925-g0a7a3d12f8 (webtiles) character file.

Game seed: 7743193112308108065

250159 ptdevnull the Victor of a Thousand Battles (level 20, -7/153 (160) HPs)
             Began as a Gnoll Warper on July 28, 2022.
             Was the Champion of Okawaru.
             Killed from afar by an ironbound frostheart (38 damage)
             ... by creeping frost
             ... led by a vault warden
             ... on level 3 of the Vaults on July 29, 2022.
             The game lasted 01:59:40 (44190 turns).

ptdevnull the Victor of a Thousand Battles (GnWr)  Turns: 44190, Time: 01:59:41

HP:   -7/153 (160)  AC: 24    Str: 13    XL:     20   Next: 6%
MP:   1/47          EV: 24    Int: 28    God:    Okawaru [******]
Gold: 360           SH: 16    Dex: 28    Spells: 2/48 levels left

rFire   + . .      SeeInvis .   K - +8 broad axe "ptdevnull's Doom" {spect, Fragile rPois Int+8 Dex+2}
rCold   + . .      Faith    .   s - +2 buckler of Jigsaw {Fly rElec}
rNeg    . . .      Spirit   .   c - quicksilver dragon scales
rPois   +          Reflect  +   i - +1 helmet of Polish {Will+ Int+4 Dex+3}
rElec   +          Harm     .   j - scarf {rC+ rF+}
rCorr   .          Rampage  .   a - +2 pair of gloves {infuse}
Will    +++..                   E - +2 pair of boots "Pimiocisa" {+Inv}
Stlth   ++++++....              k - amulet of reflection
HPRegen 0.35/turn               q - ring "Nejehach" {Contam Fly MP+9 Dex+8}
MPRegen 0.30/turn               v - +4 ring of slaying

@: frozen, flying, lightly drained, very slow
A: fangs 1, strong nose, distributed training
}: 1/15 runes: decaying
a: Renounce Religion, Evoke Invisibility, Heroism, Finesse, Duel


You were on level 3 of the Vaults.
You worshipped Okawaru.
Okawaru was exalted by your worship.
You visited 8 branches of the dungeon, and saw 34 of its levels.

You collected 3946 gold pieces.
You spent 3586 gold pieces at shops.

Inventory:

Hand Weapons
 K - the +8 broad axe "ptdevnull's Doom" (weapon) {spect, Fragile rPois Int+8 Dex+2}
   (You took it off a kobold demonologist on level 7 of the Dungeon)

   When its wielder attacks, the weapon's spirit leaps out and strikes again.
   The spirit shares a part of any damage it takes with its wielder.
   Int:       It affects your intelligence (+8).
   Dex:       It affects your dexterity (+2).
   rPois:     It protects you from poison.
   Fragile:   It will be destroyed if unequipped.
Missiles
 d - 19 boomerangs of dispersal (quivered)
 p - 5 throwing nets
 t - 2 boomerangs
 A - 21 javelins
 S - 24 atropa-tipped darts
 T - 21 silver javelins
Armour
 a - a +2 pair of gloves of infusion (worn)
 c - quicksilver dragon scales (worn)
 h - a +2 kite shield of protection
 i - the +1 helmet of Polish (worn) {Will+ Int+4 Dex+3}
   (Okawaru gifted it to you on level 2 of the Vaults)

   Int:       It affects your intelligence (+4).
   Dex:       It affects your dexterity (+3).
   Will:      It increases your willpower.
 j - a scarf of resistance (worn)
 s - the +2 buckler of Jigsaw (worn) {Fly rElec}
   (You acquired it on level 7 of the Dungeon)

   rElec:     It insulates you from electricity.
   Fly:       It grants you flight.
 E - the +2 pair of boots "Pimiocisa" (worn) {+Inv}
   (You bought it in a shop on level 2 of the Orcish Mines)

   +Inv:      It lets you turn invisible.
 G - the +2 hat "Xulull" {Drain +Blink rPois Int+6}
   (You acquired it on level 4 of the Vaults)

   Int:       It affects your intelligence (+6).
   rPois:     It protects you from poison.
   +Blink:    It lets you blink.
   Drain:     It drains your maximum health when unequipped.
 J - the +4 scale mail of the Scorching Gods {rF+ Will+ rCorr}
   (Okawaru gifted it to you on level 3 of the Vaults)

   rF:        It protects you from fire.
   rCorr:     It protects you from acid and corrosion.
   Will:      It increases your willpower.
Jewellery
 k - an amulet of reflection (around neck)
 n - a ring of protection from cold
 o - a ring of protection from fire
 q - the ring "Nejehach" (left hand) {Contam Fly MP+9 Dex+8}
   (You acquired it on level 7 of the Dungeon)

   [ring of magical power]

   Dex:       It affects your dexterity (+8).
   MP:        It affects your magic capacity (+9).
   Fly:       It grants you flight.
   Contam:    It causes magical contamination when unequipped.
 v - a +4 ring of slaying (right hand)
 U - a ring of positive energy
Wands
 g - a wand of flame (43)
 z - a wand of paralysis (22)
 B - a wand of iceblast (3)
 F - a wand of polymorph (17)
 H - a wand of quicksilver (7)
 N - a wand of digging (25)
Scrolls
 b - a scroll of blinking
 w - 6 scrolls of teleportation
 x - 5 scrolls of fear
 y - 9 scrolls of fog
 C - 12 scrolls of poison
 L - a scroll of silence
 V - 14 scrolls of identify
 Y - a scroll of magic mapping
Potions
 e - 12 potions of curing
 l - 5 potions of brilliance
 m - 8 potions of haste
 r - 3 potions of resistance
 u - 6 potions of lignification
 D - 7 potions of heal wounds
 I - a potion of might
 M - a potion of cancellation
 O - 6 potions of attraction
 P - 4 potions of ambrosia
 W - 2 potions of berserk rage
Miscellaneous
 f - a condenser vane
 R - a piece from Xom's chessboard (15/15)


   Skills:
 + Level 14.6 Fighting
 + Level 13.9 Short Blades
 + Level 14.6 Long Blades
 + Level 13.9 Axes
 + Level 13.9 Maces & Flails
 + Level 13.9 Polearms
 + Level 13.9 Staves
 + Level 13.9 Ranged Weapons
 + Level 14.2 Throwing
 + Level 14.2 Armour
 + Level 14.6 Dodging
 + Level 13.9 Stealth
 + Level 13.9 Shields
 + Level 13.9 Unarmed Combat
 + Level 14.7 Spellcasting
 + Level 11.8 Conjurations
 + Level 11.8 Hexes
 + Level 11.8 Summonings
 + Level 11.8 Necromancy
 + Level 13.0 Translocations
 + Level 11.8 Transmutations
 + Level 11.8 Fire Magic
 + Level 11.8 Ice Magic
 + Level 11.8 Air Magic
 + Level 11.8 Earth Magic
 + Level 11.8 Poison Magic
 + Level 15.1 Invocations
 + Level 13.9 Evocations


You had 2 spell levels left.
You knew the following spells:

 Your Spells              Type           Power      Damage    Failure   Level
a - Apportation           Tloc           100%       N/A       1%          1
b - Blink                 Tloc           100%       N/A       1%          2
c - Gell's Gravitas       Tloc           76%        N/A       1%          3
d - Lesser Beckoning      Tloc           76%        N/A       1%          3
e - Teleport Other        Tloc           76%        N/A       1%          3
f - Manifold Assault      Tloc           76%        N/A       1%          5
g - Ensorcelled Hibernat  Hex/Ice        100%       N/A       1%          2
h - Dispersal             Tloc           38%        N/A       3%          6
i - Olgreb's Toxic Radia  Pois           72%        N/A       1%          4
j - Yara's Violent Unrav  Hex/Tmut       36%        3d15      1%          5
k - Vampiric Draining     Necr           72%        2d11      1%          3
l - Borgnjor's Vile Clut  Necr/Erth      36%        N/A       1%          5
m - Hailstorm             Conj/Ice       72%        3d15      1%          4

Your spell library contained the following spells:

 Spells                   Type           Power      Damage    Failure   Level
 Freeze                   Ice            100%       1d11      1%          1
 Necrotise                Necr           100%       1d9       1%          1
 Slow                     Hex            100%       N/A       1%          1
 Sting                    Tmut/Pois      100%       1d8       1%          1
 Poisonous Vapours        Pois/Air       100%       N/A       1%          2
 Confusing Touch          Hex            72%        N/A       1%          3
 Frozen Ramparts          Ice            100%       1d12      1%          3
 Spider Form              Tmut/Pois      72%        N/A       1%          3
 Anguish                  Hex/Necr       36%        N/A       1%          4
 Lee's Rapid Deconstruct  Erth           36%        3d19*     1%          5
 Enfeeble                 Hex            36%        N/A       32%         7
 Orb of Destruction       Conj           36%        9d11      32%         7
 Disjunction              Tloc           38%        N/A       83%         8
 Summon Small Mammal      Summ           Unusable   N/A       N/A         1
 Summon Guardian Golem    Hex/Summ       Unusable   N/A       N/A         3
 Animate Dead             Necr           Unusable   N/A       N/A         4
 Death Channel            Necr           Unusable   N/A       N/A         6
 Simulacrum               Ice/Necr       Unusable   N/A       N/A         6
 Spellforged Servitor     Conj/Summ      Unusable   N/A       N/A         7

Dungeon Overview and Level Annotations

Branches:
Dungeon (15/15)            Temple (1/1) D:5            Lair (5/5) D:11
  Swamp (4/4) Lair:3        Snake (2/4) Lair:3        Slime (0/5) Lair:5
    Orc (2/2) D:12            Elf (0/3) Orc:2        Vaults (4/5) D:13
  Crypt (0/3) Vaults:2     Depths (1/4) D:15

Altars:
Ashenzari
Cheibriados
Dithmenos
Elyvilon
Fedhas
Gozag
Hepliaklqana
Kikubaaqudgha
Makhleb
Nemelex Xobeh
Okawaru
Qazlal
Ru
Sif Muna
Trog
Uskayaw
Vehumet
Wu Jian
Xom
Yredelemnul
Zin
The Shining One
Lugonu

Shops:
D:7 ?!**   D:10 *   D:11 *   D:15 ?   Orc:2 =?=*   Vaults:2 =   Vaults:3 :
Vaults:4 ?

Portals:
Abyss: Lair:5

Annotations:
Lair:1 1 runed translucent door, Hefases's ghost, journeyman OpWn
Lair:2 exclusion: oklob plant
Lair:5 exclusion: 3 oklob plants
Snake:2 Agnes; Vashnia
Vaults:1 3 runed translucent doors, reriks's ghost, adept SpHu


Innate Abilities, Weirdness & Mutations

You have very sharp teeth.
Your uncanny sense of smell can sniff out nearby items.
Your experience applies equally to all skills.


Message History

The frost grips your +8 broad axe "ptdevnull's Doom" {spect, Fragile rPois Int+8 Dex+2}!!
Your +8 broad axe "ptdevnull's Doom" {spect, Fragile rPois Int+8 Dex+2} partially resists.
Your spectral weapon shares its damage with you!
* * * LOW HITPOINT WARNING * * *
The deep troll closely misses your +8 broad axe "ptdevnull's Doom" {spect, Fragile rPois Int+8 Dex+2}.
The deep troll claws your +8 broad axe "ptdevnull's Doom" {spect, Fragile rPois Int+8 Dex+2}!!
Your spectral weapon shares its damage with you!
Your +8 broad axe "ptdevnull's Doom" {spect, Fragile rPois Int+8 Dex+2} fades away.
* * * LOW HITPOINT WARNING * * *
The ironbound preserver gestures wildly while chanting.
The ironbound preserver begins to accept its allies' injuries.
The deep troll shouts!
Casting: Manifold Assault (mildly dangerous; 1% risk of failure)
Confirm with . or Enter, or press ? or * to list all spells.
Aiming: Borgnjor's Vile Clutch (mildly dangerous; 1% risk of failure)
Press: ? - help, Shift-Dir - straight line, f - ironbound frostheart
Aim: an ironbound frostheart, wearing a +0 ring mail (heavily wounded, sheltered from injuries, poisoned, 100% to hit)
Zombie hands grab the deep troll.
Zombie hands grab the ironbound preserver.
Zombie hands grab the ironbound frostheart.
The zombie hands constrict the ironbound preserver.
The zombie hands constrict the deep troll.
The zombie hands constrict the ironbound frostheart!
You block the deep troll's attack.
The deep troll claws you but does no damage.
The deep troll closely misses you.
The ironbound frostheart calls freezing cold from the walls.
The frost grips you! You partially resist.
* * * LOW HITPOINT WARNING * * *
The ironbound preserver struggles to escape constriction.
Unknown command.
You slash the deep troll!
You kill the deep troll!
Okawaru accepts your kill.
The zombie hands constrict the ironbound preserver!
The zombie hands constrict the ironbound frostheart!
The ironbound frostheart looks more healthy.
The ironbound frostheart calls freezing cold from the walls.
The frost grips you!!! You partially resist.
You die...

#....#.......#
#....######### #....#
#....# #....# #....#
#....# ∆
#....#############
######....#...§.@.....#
).[.).....#.###)#####.#
#######...#.# #p')..#.#
#...#.# #p#####.#
#...#.#∆#.. #.# #...#.#
#). #+#.# #...#.#
....#[#.#
#...'.#####[#.#.#
#...#.#../+.#.#.#


You could see an ironbound preserver (very poisoned, clutched) and an ironbound
frostheart (sheltered, clutched).

Vanquished Creatures
  Mara (Vaults:3)
  the Lernaean hydra (Swamp:4)
  Nikola (Vaults:1)
  Rupert (Lair:3)
  Kirke (D:14)
  3 sphinxes
  Donald (Swamp:3)
  A tengu reaver (Vaults:3)
  2 thorn hunters
  A fenstrider witch (Swamp:1)
  2 orc warlords
  8 vault wardens
  A curse skull (Vaults:2)
  17 ironbound preservers
  A stone giant (D:15)
  A war gargoyle (Vaults:3)
  10 very ugly things
  8 ironbound thunderhulks
  4 eleionomae (Swamp:4)
  Azrael (D:15)
  6 bunyips
  The ghost of Brotato the Unseen, a journeyman SpBr of Gozag (Orc:2)
  An entropy weaver (Vaults:1)
  A spark wasp (Lair:3)
  Harold (Orc:1)
  10 yaktaur captains
  9 boulder beetles
  4 shambling mangroves
  A peacekeeper (Vaults:3)
  A ghost crab (Arena)
  4 vault guards
  25 hydras
  3 great orbs of eyes
  Erolcha (Orc:2)
  6 ironbound frosthearts
  2 anacondas (Snake:1)
  6 two-headed ogres
  A catoblepas (Lair:1)
  9 alligators
  4 centaur warriors
  2 death knights
  9 death yaks (D:11)
  A tengu warrior (D:14)
  3 orc high priests (Orc:2)
  The ghost of buhh the Spry, a journeyman FeBe of Trog (Orc:2)
  2 thrashing horrors (Lair:5)
  A spriggan berserker (Swamp:3)
  2 naga sharpshooters (Snake:1)
  10 spriggans
  A salamander mystic (Snake:1)
  A skeletal warrior (D:15)
  3 goliath frogs
  64 deep trolls
  5 lindwurms
  3 spriggan druids
  11 swamp dragons
  8 orc knights
  12 ironbound convokers
  4 bog bodies
  7 deep elf pyromancers
  A naga ritualist (Snake:1)
  3 necromancers
  5 harpies (Vaults:2)
  3 wizards
  5 orc sorcerers (Orc:2)
  2 mana vipers (Snake:1)
  An oklob plant (Orc:2)
  4 manticores
  A human zombie (Vaults:3)
  A salamander (shapeshifter) (D:14)
  A wolf spider (D:15)
  7 cyclopes
  29 ugly things
  4 will-o-the-wisps
  A guardian serpent (shapeshifter) (Lair:5)
  16 vault sentinels
  3 naga magi (Snake:1)
  3 black mambas
  2 gargoyles
  7 cane toads
  2 smoke demons (Lair:5)
  5 large abominations (Lair:5)
  An unseen horror (D:10)
  2 kobold demonologists
  29 yaktaurs
  8 rime drakes
  5 komodo dragons
  A tengu conjurer (D:15)
  A freezing wraith (Vaults:2)
  An ancient zyme (Lair:5)
  A bloated husk (Swamp:4)
  A meliai (D:15)
  8 tyrant leeches
  A queen bee (D:12)
  A merfolk (shapeshifter) (Vaults:4)
  8 trolls
  16 hornets
  A queen bee (shapeshifter) (Lair:5)
  A raiju (shapeshifter) (D:12)
  16 blink frogs
  A dream sheep (shapeshifter) (Lair:5)
  14 slime creatures
  An ettin skeleton (Vaults:3)
  4 wraiths
  A ynoxinul (Lair:5)
  15 wyverns
  A fire elemental (D:15)
  41 yaks
  A human (shapeshifter) (D:15)
  7 hogs (D:14)
  12 basilisks
  17 vampire mosquitoes
  A redback (Vaults:1)
  Menkaure (D:7)
  A steam dragon (D:8)
  13 swamp worms
  2 acid dragons (D:11)
  10 nagas
  2 wargs (Orc:2)
  4 hell hounds (D:15)
  9 water moccasins
  2 human skeletons (Vaults:3)
  An ice beast (D:8)
  10 swamp drakes
  32 orc warriors
  A sky beast (D:8)
  A meliai simulacrum (D:15)
  4 black bears
  6 ogres
  A black bear (shapeshifter) (D:15)
  3 boggarts (Vaults:2)
  9 wolves (Lair:2)
  6 centaurs
  3 phantoms
  11 small abominations (Lair:5)
  Blork the orc (D:6)
  A necrophage (D:7)
  A kobold brigand (D:9)
  8 bullfrogs
  3 scorpions
  2 gnoll sergeants
  7 wights
  29 killer bees
  An electric eel (Lair:3)
  6 howler monkeys
  2 hounds
  13 orc priests
  2 jellies (D:6)
  2 gnoll boudas
  5 iguanas
  30 orc wizards
  4 hell rats (Lair:3)
  A boggart simulacrum (D:15)
  Robin (D:3)
  14 gnolls
  5 adders
  A shadow imp (D:7)
  5 white imps
  4 worms
  14 dart slugs
  88 orcs
  7 endoplasms
  4 giant cockroaches
  13 hobgoblins
  10 jackals
  2 quokkas (D:5)
  8 ball pythons
  2 bats (D:2)
  A frilled lizard (D:1)
  28 goblins
  9 kobolds
  2 rats
  A butterfly (Lair:4)
1105 creatures vanquished.

Vanquished Creatures (others)
  An alligator (Swamp:4)
  8 foxfires
  12 fungi
  24 plants
45 creatures vanquished.

Grand Total: 1150 creatures vanquished

Notes
Turn   | Place    | Note
-------+----------+-------------------------------------------
     0 | D:1      | ptdevnull the Gnoll Warper began the quest for the Orb.
     0 | D:1      | Reached XP level 1. HP: 20/20 MP: 6/6
   404 | D:1      | Reached XP level 2. HP: 26/26 MP: 7/7
   856 | D:1      | Reached skill level 5 in Spellcasting
   856 | D:1      | Reached XP level 3. HP: 29/31 MP: 7/9
  1098 | D:1      | Found a faded altar of an unknown god.
  1157 | D:2      | Reached skill level 1 in Invocations
  1214 | D:2      | Reached skill level 1 in Short Blades
  1214 | D:2      | Reached skill level 1 in Axes
  1214 | D:2      | Reached skill level 1 in Maces & Flails
  1214 | D:2      | Reached skill level 1 in Polearms
  1214 | D:2      | Reached skill level 1 in Staves
  1214 | D:2      | Reached skill level 1 in Ranged Weapons
  1214 | D:2      | Reached skill level 1 in Stealth
  1214 | D:2      | Reached skill level 1 in Shields
  1214 | D:2      | Reached skill level 1 in Unarmed Combat
  1214 | D:2      | Reached skill level 1 in Evocations
  1443 | D:2      | Reached XP level 4. HP: 37/38 MP: 11/11
  1705 | D:2      | Learned a level 1 spell: Apportation
  1708 | D:2      | Learned a level 2 spell: Blink
  1712 | D:2      | Learned a level 3 spell: Gell's Gravitas
  1716 | D:2      | Learned a level 3 spell: Lesser Beckoning
  1720 | D:2      | Learned a level 3 spell: Teleport Other
  1880 | D:2      | Reached skill level 1 in Conjurations
  1880 | D:2      | Reached skill level 1 in Hexes
  1880 | D:2      | Reached skill level 1 in Summonings
  1880 | D:2      | Reached skill level 1 in Necromancy
  1880 | D:2      | Reached skill level 1 in Transmutations
  1880 | D:2      | Reached skill level 1 in Fire Magic
  1880 | D:2      | Reached skill level 1 in Ice Magic
  1880 | D:2      | Reached skill level 1 in Air Magic
  1880 | D:2      | Reached skill level 1 in Earth Magic
  1880 | D:2      | Reached skill level 1 in Poison Magic
  2165 | D:3      | Noticed an ogre
  2796 | D:3      | Reached XP level 5. HP: 43/43 MP: 12/12
  2801 | D:3      | Noticed Robin
  3453 | D:3      | Killed Robin
  3678 | D:3      | Reached skill level 2 in Invocations
  3957 | D:3      | Killed an ogre
  3958 | D:3      | Reached skill level 5 in Fighting
  3958 | D:3      | Reached skill level 5 in Long Blades
  3958 | D:3      | Reached skill level 5 in Dodging
  3958 | D:3      | Reached XP level 6. HP: 43/51 MP: 14/14
  4198 | D:3      | Found a sparkling altar of Nemelex Xobeh.
  4246 | D:3      | Found a radiant altar of Vehumet.
  4904 | D:4      | Reached XP level 7. HP: 17/56 MP: 15/15
  5317 | D:4      | Learned a level 5 spell: Manifold Assault
  5484 | D:5      | Entered Level 5 of the Dungeon
  5904 | D:5      | Reached skill level 3 in Invocations
  6028 | D:5      | Found a staircase to the Ecumenical Temple.
  6050 | Temple   | Entered the Ecumenical Temple
  6194 | Temple   | Became a worshipper of Warmaster Okawaru
  6304 | D:5      | Reached XP level 8. HP: 49/63 MP: 16/16
  6447 | D:5      | Reached * piety under Okawaru
  6761 | D:6      | Noticed Blork the orc
  6773 | D:6      | Killed Blork the orc
  6976 | D:6      | Learned a level 2 spell: Ensorcelled Hibernation
  7693 | D:7      | Reached skill level 4 in Invocations
  7703 | D:7      | HP: 1/64 [orc warrior/+0 hand axe (13)]
  8283 | D:7      | Reached XP level 9. HP: 29/69 MP: 18/18
  8863 | D:7      | Reached skill level 5 in Throwing
  8863 | D:7      | Reached skill level 5 in Armour
  8959 | D:7      | Found Jenum's Magic Scroll Boutique.
  8966 | D:7      | Bought a scroll of brand weapon for 95 gold pieces
  9006 | D:7      | Noticed Menkaure
  9007 | D:7      | Noticed a gargoyle
  9016 | D:7      | Killed Menkaure
  9019 | D:7      | Killed a gargoyle
  9019 | D:7      | Reached ** piety under Okawaru
  9026 | D:7      | HP: 2/71 [white imp (5)]
  9028 | D:7      | Reached skill level 5 in Invocations
  9231 | D:7      | Noticed a two-headed ogre
  9242 | D:7      | Killed a two-headed ogre
  9242 | D:7      | Reached *** piety under Okawaru
  9289 | D:7      | Noticed a deep elf pyromancer
  9521 | D:7      | Killed a deep elf pyromancer
  9522 | D:7      | Reached skill level 5 in Short Blades
  9522 | D:7      | Reached skill level 5 in Axes
  9522 | D:7      | Reached skill level 5 in Maces & Flails
  9522 | D:7      | Reached skill level 5 in Polearms
  9522 | D:7      | Reached skill level 5 in Staves
  9522 | D:7      | Reached skill level 5 in Ranged Weapons
  9522 | D:7      | Reached skill level 5 in Stealth
  9522 | D:7      | Reached skill level 5 in Shields
  9522 | D:7      | Reached skill level 5 in Unarmed Combat
  9522 | D:7      | Reached skill level 5 in Evocations
  9522 | D:7      | Reached XP level 10. HP: 73/79 MP: 18/20
  9775 | D:7      | Found Roloway's General Store.
  9877 | D:7      | Found Juasteemi's General Store.
  9903 | D:7      | Noticed an eight-headed hydra
 10041 | D:7      | Identified the +8 broad axe "ptdevnull's Doom" {spect,
                  | Fragile rPois Int+8 Dex+2}
 10041 | D:7      | Noticed a kobold demonologist
 10055 | D:7      | Killed a kobold demonologist
 10055 | D:7      | Received a gift from Okawaru
 10123 | D:8      | Learned a level 3 spell: Confusing Touch
 10169 | D:8      | Reached skill level 6 in Invocations
 10185 | D:8      | Reached **** piety under Okawaru
 10731 | D:8      | You fall into a shaft and drop 2 floors!
 10731 | D:10     | Entered Level 10 of the Dungeon
 10788 | D:10     | Killed an unseen horror
 10789 | D:10     | Reached skill level 5 in Conjurations
 10789 | D:10     | Reached skill level 5 in Hexes
 10789 | D:10     | Reached skill level 5 in Summonings
 10789 | D:10     | Reached skill level 5 in Necromancy
 10789 | D:10     | Reached skill level 5 in Transmutations
 10789 | D:10     | Reached skill level 5 in Fire Magic
 10789 | D:10     | Reached skill level 5 in Ice Magic
 10789 | D:10     | Reached skill level 5 in Air Magic
 10789 | D:10     | Reached skill level 5 in Earth Magic
 10789 | D:10     | Reached skill level 5 in Poison Magic
 10789 | D:10     | Reached XP level 11. HP: 60/85 MP: 22/22
 10801 | D:10     | Reached ***** piety under Okawaru
 11252 | D:9      | Found an opulent altar of Gozag.
 11298 | D:9      | Found a bloodstained altar of Trog.
 11306 | D:9      | Received a gift from Okawaru
 11439 | D:9      | Reached skill level 7 in Invocations
 12037 | D:8      | Received a gift from Okawaru
 12370 | D:7      | HP: 1/86 [11-headed hydra (5)]
 12373 | D:7      | Killed an 11-headed hydra
 12769 | D:7      | Noticed a manticore
 12779 | D:7      | Killed a manticore
 12933 | D:7      | Got the Verses on Metallic Snow
 13045 | D:7      | Found Utot's Distillery.
 13104 | D:7      | Noticed a two-headed ogre
 13138 | D:7      | Identified a scroll of acquirement
 13138 | D:7      | Acquired the +2 buckler of Jigsaw {Fly rElec}
 13215 | D:7      | Noticed a manticore
 13223 | D:7      | Killed a manticore
 13382 | D:7      | Killed a two-headed ogre
 13382 | D:7      | Received a gift from Okawaru
 13517 | D:10     | Noticed a two-headed ogre
 13526 | D:10     | Killed a two-headed ogre
 13580 | D:10     | Learned a level 4 spell: Olgreb's Toxic Radiance
 13780 | D:10     | Found Lefaph's General Store.
 14078 | D:11     | Noticed a five-headed hydra
 14090 | D:11     | Killed an 11-headed hydra
 14091 | D:11     | Reached XP level 12. HP: 63/94 MP: 12/24
 14238 | D:11     | Noticed a death yak
 14244 | D:11     | Killed a death yak
 14257 | D:11     | Noticed a death yak
 14257 | D:11     | Noticed a death yak
 14258 | D:11     | Noticed a death yak
 14258 | D:11     | Noticed a death yak
 14259 | D:11     | Found a staircase to the Lair.
 14259 | D:11     | Noticed a death yak
 14259 | D:11     | Noticed a death yak
 14259 | D:11     | Noticed a death yak
 14288 | D:11     | Noticed a death yak
 14291 | D:11     | Killed a death yak
 14292 | D:11     | Reached skill level 8 in Invocations
 14296 | D:11     | Killed a death yak
 14302 | D:11     | Killed a death yak
 14304 | D:11     | Noticed a boulder beetle
 14327 | D:11     | Noticed a sun demon
 14331 | D:11     | Noticed a soul eater
 14336 | D:11     | Found Ciocy's Assorted Antiques.
 14670 | D:11     | Killed a boulder beetle
 14823 | D:11     | Killed a death yak
 14856 | D:11     | Killed a death yak
 15053 | D:11     | Noticed a boulder beetle
 15084 | D:11     | Killed a boulder beetle
 15364 | Lair:1   | Entered Level 1 of the Lair of Beasts
 15369 | Lair:1   | Received a gift from Okawaru
 15730 | Lair:1   | Noticed a catoblepas
 15737 | Lair:1   | Killed a catoblepas
 15978 | Lair:1   | Noticed a seven-headed hydra
 16014 | Lair:1   | Killed a 16-headed hydra
 16014 | Lair:1   | Received a gift from Okawaru
 16319 | Lair:1   | Found a runed translucent door.
 16324 | Lair:1   | Reached XP level 13. HP: 101/101 MP: 24/26
 16345 | Lair:1   | Noticed Hefases's ghost (journeyman OpWn)
 16611 | Lair:1   | Reached skill level 9 in Invocations
 16744 | D:7      | Bought a scroll of acquirement for 520 gold pieces
 16744 | D:7      | Acquired the ring "Nejehach" {Contam Fly MP+9 Dex+8}
 17085 | Lair:2   | Received a gift from Okawaru
 17262 | Lair:2   | Identified the +8 battleaxe of Faduk {drain, rN+}
 17554 | Lair:2   | Learned a level 5 spell: Yara's Violent Unravelling
 17585 | Lair:2   | Identified the +0 pair of gloves of Lutim {rF+++ rC- MP-9
                  | Dex+4} (Okawaru gifted it to you on level 2 of the Lair of
                  | Beasts)
 17585 | Lair:2   | Received a gift from Okawaru
 17791 | Lair:2   | Found a blossoming altar of Fedhas.
 18327 | Lair:3   | Found a staircase to the Snake Pit.
 18362 | Lair:3   | Noticed Rupert
 18571 | D:7      | Bought a potion of heal wounds for 70 gold pieces
 18951 | Lair:3   | Paralysed by Rupert for 4 turns
 18962 | Lair:3   | Killed Rupert
 18963 | Lair:3   | Reached skill level 10 in Spellcasting
 19320 | Lair:3   | Found a staircase to the Swamp.
 19765 | Lair:3   | Reached skill level 10 in Fighting
 19765 | Lair:3   | Reached skill level 10 in Long Blades
 19765 | Lair:3   | Reached skill level 10 in Dodging
 21081 | D:10     | Bought a +0 pair of boots of stealth for 115 gold pieces
 21134 | D:11     | Received a gift from Okawaru
 21387 | D:12     | Found a staircase to the Orcish Mines.
 21411 | D:12     | Reached XP level 14. HP: 106/110 MP: 27/28
 21412 | D:12     | Reached skill level 10 in Invocations
 22439 | Orc:1    | Entered Level 1 of the Orcish Mines
 22441 | Orc:1    | Noticed Harold
 22452 | Orc:1    | Killed Harold
 22565 | Orc:1    | Noticed an orc warlord
 22582 | Orc:1    | Killed an orc warlord
 22761 | Orc:2    | Entered Level 2 of the Orcish Mines
 23021 | Orc:2    | Found a runed translucent gate.
 23022 | Orc:2    | Found a runed translucent gate.
 23024 | Orc:2    | Found a runed translucent gate.
 23230 | Orc:2    | Noticed Erolcha
 23237 | Orc:2    | Killed Erolcha
 23383 | Orc:2    | Found a staircase to the Elven Halls.
 23441 | Orc:2    | Noticed buhh's ghost (journeyman FeBe)
 23441 | Orc:2    | Noticed Brotato's ghost (journeyman SpBr)
 23477 | Orc:2    | Reached skill level 10 in Throwing
 23477 | Orc:2    | Reached skill level 10 in Armour
 23625 | Orc:2    | Found Sapic's Assorted Antiques.
 23643 | Orc:2    | Received a gift from Okawaru
 24091 | Orc:2    | Received a gift from Okawaru
 24095 | Orc:2    | Found Buitec's Jewellery Boutique.
 24099 | Orc:2    | Found Baikk's Jewellery Emporium.
 24099 | Orc:2    | Found Tabbax's Magic Scroll Emporium.
 24457 | Orc:2    | Killed buhh's ghost
 24460 | Orc:2    | Killed Brotato's ghost
 24461 | Orc:2    | Reached skill level 10 in Translocations
 24787 | Orc:1    | Reached ****** piety under Okawaru
 25049 | Orc:2    | Bought a pair of encrusted boots for 209 gold pieces
 25049 | Orc:2    | Identified the +2 pair of boots "Pimiocisa" {+Inv} (You
                  | bought it in a shop on level 2 of the Orcish Mines)
 25644 | Lair:5   | Entered Level 5 of the Lair of Beasts
 25769 | Lair:5   | Received a gift from Okawaru
 25772 | Lair:5   | Reached skill level 10 in Short Blades
 25772 | Lair:5   | Reached skill level 10 in Axes
 25772 | Lair:5   | Reached skill level 10 in Maces & Flails
 25772 | Lair:5   | Reached skill level 10 in Polearms
 25772 | Lair:5   | Reached skill level 10 in Staves
 25772 | Lair:5   | Reached skill level 10 in Ranged Weapons
 25772 | Lair:5   | Reached skill level 10 in Stealth
 25772 | Lair:5   | Reached skill level 10 in Shields
 25772 | Lair:5   | Reached skill level 10 in Unarmed Combat
 25772 | Lair:5   | Reached skill level 10 in Evocations
 26028 | Orc:2    | Bought an amulet of regeneration for 390 gold pieces
 26369 | Lair:5   | Found a staircase to the Slime Pits.
 26509 | Lair:5   | Reached XP level 15. HP: 118/118 MP: 30/30
 26626 | Lair:5   | Reached skill level 11 in Invocations
 26824 | Lair:5   | Received a gift from Okawaru
 26909 | Lair:5   | Found a corrupted altar of Lugonu.
 26909 | Lair:5   | Found a one-way gate to the infinite horrors of the Abyss.
 27001 | Lair:5   | Identified the +10 lajatang of a Hundred Visions {freeze,
                  | Will+ Str+7}
 27100 | Lair:5   | Received a gift from Okawaru
 27428 | D:13     | Found a gate to the Vaults.
 27582 | D:13     | Received a gift from Okawaru
 27845 | D:13     | Received a gift from Okawaru
 28269 | D:14     | Noticed Kirke
 28277 | D:14     | Received a gift from Okawaru
 28414 | D:14     | Killed Kirke
 28500 | D:14     | Identified the +1 chain mail "Pivu" {rC+ Stlth+} (Okawaru
                  | gifted it to you on level 14 of the Dungeon)
 28500 | D:14     | Received a gift from Okawaru
 28791 | D:14     | Identified the +2 ring mail of the Game of Kings {rElec
                  | SInv}
 29029 | D:15     | Entered Level 15 of the Dungeon
 29652 | D:15     | Found a staircase to the Depths.
 30022 | D:15     | Found a blossoming altar of Fedhas.
 30074 | D:15     | Noticed Azrael
 30087 | D:15     | Killed Azrael
 30282 | D:15     | Found Teicai's Magic Scroll Emporium.
 30291 | D:15     | Bought a scroll of magic mapping for 97 gold pieces
 30291 | D:15     | Bought a scroll of fear for 52 gold pieces
 30291 | D:15     | Bought a scroll of teleportation for 39 gold pieces
 30317 | D:15     | Reached XP level 16. HP: 80/127 MP: 30/32
 30529 | D:15     | Learned a level 3 spell: Vampiric Draining
 30535 | D:15     | Learned a level 5 spell: Borgnjor's Vile Clutch
 30844 | Orc:2    | Bought a scroll of fear for 52 gold pieces
 30844 | Orc:2    | Bought a scroll of fear for 52 gold pieces
 30844 | Orc:2    | Bought a scroll of blinking for 97 gold pieces
 30844 | Orc:2    | Bought a scroll of fog for 52 gold pieces
 31002 | D:7      | Bought a potion of haste for 110 gold pieces
 31079 | D:11     | Reached skill level 12 in Invocations
 31206 | Depths:1 | Entered Level 1 of the Depths
 31206 | Depths:1 | Found a broken altar of Ashenzari.
 31395 | Snake:1  | Entered Level 1 of the Snake Pit
 31618 | Snake:1  | Acquired quicksilver dragon scales
 31650 | Snake:1  | Received a gift from Okawaru
 32036 | Snake:1  | Received a gift from Okawaru
 32324 | Snake:2  | Noticed Vashnia
 32324 | Snake:2  | Noticed Agnes
 32373 | Snake:1  | Received a gift from Okawaru
 32672 | Swamp:1  | Entered Level 1 of the Swamp
 32754 | Swamp:1  | Noticed a fenstrider witch
 32765 | Swamp:1  | Killed a fenstrider witch
 32986 | Swamp:1  | Acquired 951 gold pieces
 33147 | Swamp:1  | Received a gift from Okawaru
 33202 | Swamp:1  | Identified the +5 battleaxe "Irghax" {speed, rC+}
 33556 | Swamp:2  | Noticed a thorn hunter
 33563 | Swamp:2  | Killed a thorn hunter
 33563 | Swamp:2  | Received a gift from Okawaru
 33651 | Swamp:2  | Identified the +3 trident of Xutit {vorpal, rPois rF+
                  | rCorr}
 34044 | Swamp:3  | Received a gift from Okawaru
 34277 | Swamp:3  | Received a gift from Okawaru
 34278 | Swamp:3  | Reached XP level 17. HP: 127/135 MP: 33/33
 34487 | Swamp:3  | Reached skill level 10 in Conjurations
 34487 | Swamp:3  | Reached skill level 10 in Hexes
 34487 | Swamp:3  | Reached skill level 10 in Summonings
 34487 | Swamp:3  | Reached skill level 10 in Necromancy
 34487 | Swamp:3  | Reached skill level 10 in Transmutations
 34487 | Swamp:3  | Reached skill level 10 in Fire Magic
 34487 | Swamp:3  | Reached skill level 10 in Ice Magic
 34487 | Swamp:3  | Reached skill level 10 in Air Magic
 34487 | Swamp:3  | Reached skill level 10 in Earth Magic
 34487 | Swamp:3  | Reached skill level 10 in Poison Magic
 34770 | Swamp:4  | Entered Level 4 of the Swamp
 34770 | Swamp:4  | Noticed Donald
 34784 | Swamp:3  | Killed Donald
 35217 | Arena    | Entered the Arena
 35409 | Swamp:4  | Reached skill level 13 in Invocations
 35857 | Swamp:4  | Noticed the 27-headed Lernaean hydra
 35875 | Swamp:4  | Killed the 27-headed Lernaean hydra
 35879 | Swamp:4  | Received a gift from Okawaru
 36143 | Swamp:4  | Got a decaying rune of Zot
 36453 | Vaults:1 | Entered Level 1 of the Vaults
 36690 | Vaults:1 | Noticed Nikola
 36703 | Vaults:1 | Killed Nikola
 36919 | Vaults:1 | Received a gift from Okawaru
 37364 | Vaults:1 | Reached XP level 18. HP: 132/143 MP: 35/35
 37367 | Vaults:1 | Identified the +1 crystal plate armour "Iduf" {rElec}
                  | (Okawaru gifted it to you on level 1 of the Vaults)
 37367 | Vaults:1 | Received a gift from Okawaru
 37538 | Vaults:1 | Found a runed translucent gate.
 37538 | Vaults:1 | Found a runed translucent gate.
 37538 | Vaults:1 | Found a runed translucent gate.
 37538 | Vaults:1 | Noticed a deep elf master archer
 37540 | Vaults:1 | Noticed reriks's ghost (adept SpHu)
 38237 | Vaults:1 | Found an iron altar of Okawaru.
 38254 | Vaults:1 | Learned a level 4 spell: Hailstorm
 38349 | Vaults:2 | Found a staircase to the Crypt.
 38704 | Vaults:2 | Reached skill level 14 in Invocations
 38854 | Vaults:2 | Received a gift from Okawaru
 39082 | Vaults:2 | Identified the +1 helmet of Polish {Will+ Int+4 Dex+3}
                  | (Okawaru gifted it to you on level 2 of the Vaults)
 39082 | Vaults:2 | Received a gift from Okawaru
 39109 | Vaults:2 | Found Vyppevas's Jewellery Boutique.
 39115 | Vaults:2 | Bought an amulet of reflection for 480 gold pieces
 39817 | Vaults:2 | Reached XP level 19. HP: 106/151 MP: 35/37
 40419 | Vaults:3 | You are sucked into a shaft and drop 1 floor!
 40449 | Vaults:4 | Found Tonoeq's Magic Scroll Shoppe.
 40460 | Vaults:4 | Bought a scroll of acquirement for 676 gold pieces
 40460 | Vaults:4 | Acquired the +2 hat "Xulull" {Drain +Blink rPois Int+6}
 40525 | Vaults:4 | Received a gift from Okawaru
 42860 | Vaults:3 | Received a gift from Okawaru
 43200 | Vaults:3 | Received a gift from Okawaru
 43586 | Vaults:3 | Found Zistre Oxucu's Book Shop.
 43592 | Vaults:3 | Reached skill level 15 in Invocations
 43593 | Vaults:3 | Bought a book of the Warp for 480 gold pieces
 43601 | Vaults:3 | Learned a level 6 spell: Dispersal
 43606 | Vaults:3 | Noticed Mara
 43621 | Vaults:3 | Killed Mara
 43621 | Vaults:3 | Identified the +4 scale mail of the Scorching Gods {rF+
                  | Will+ rCorr} (Okawaru gifted it to you on level 3 of the
                  | Vaults)
 43621 | Vaults:3 | Received a gift from Okawaru
 43848 | Vaults:3 | Reached XP level 20. HP: 68/145 MP: 27/38
 44190 | Vaults:3 | Killed from afar by an ironbound frostheart

Illustrated notes

Levels and vault maps discovered:
D:1:      minmay_arrival_plants_in_alcoves, layout_basic,
          hellmonk_ecumenical_altar_prayer_group, minmay_misc_feat_nine_boxes
D:2:      minmay_wonky_spiral, layout_loops_ring, st_stairs_11,
          grunt_ministairs_9
D:3:      kennysheep_slugbush, layout_rooms, mainiacjoe_overflow_alcove_4,
          mainiacjoe_overflow_chevrons, minmay_ogre_servants, uniq_robin
D:4:      layout_cave_pods, kennysheep_pointless_box
D:5:      layout_loops_cross, minmay_temple_entry_glassed_door
D:6:      layout_rooms, uniq_blork_the_orc
D:7:      minmay_the_grid_triangle_9x9_rhombus_thin
          [minmay_the_grid_triangle_9x9_empty,
          minmay_the_grid_triangle_9x9_prize_schism,
          minmay_the_grid_triangle_9x9_stretched_checkered,
          minmay_the_grid_triangle_9x9_cache], layout_gridville, serial_shops,
          shop, shop, shop, nicolae_shop_crystal, uniq_menkaure
D:8:      layout_cave_pools
D:9:      layout_rooms, mainiacjoe_overflow_boulevard,
          nicolae_gozag_cash_rules_everything_around_me
D:10:     layout_roguey, serial_shops, nicolae_shop_hallway_plus,
          hangedman_decor_growths, st_stairs_4
D:11:     layout_gridville, dpeg_lair_monsters, serial_shops, shop,
          dreamdust_princess_corridor, kennysheep_nondescript
D:12:     layout_roguey, orc_0_dummy, nicolae_looking_at_the_future
D:13:     layout_roguey, david_vaults_2
D:14:     layout_roguey, uniq_kirke
D:15:     grunt_enter_depths_giant_problem, layout_irregular_city,
          fedhas_altar_3, serial_shops, shop, minmay_alternating_orb,
          uniq_azrael
Temple:   regret_index_temple_mists
Lair:1:   layout_concentric_octagons, ebering_ghost_reflecting_pool
Lair:2:   layout_chaotic_city, hangedman_tree_tricks
Lair:3:   layout_long_grid, minmay_swamp_entry_eels,
          guppyfry_snake_entry_island, special_room [special_room_mythical_zoo],
          st_stairs_13, lemuel_old_faithful, infiniplex_staircase_pool_2,
          uniq_rupert
Lair:4:   layout_regular_city, lemuel_fruit_fields, grunt_megastairs_3,
          serial_bayou_shore_b
Lair:5:   hellmonk_lair_end_abyssal_woods, layout_regular_city,
          minmay_slime_entry_oklob_enclosed
Swamp:1:  layout_basic_swamp, evilmike_swamp_ruin_house_5
Swamp:2:  layout_basic_swamp, evilmike_swamp_ruin_house_2, swamp_pool1,
          infiniplex_staircase_pool
Swamp:3:  layout_basic_swamp, serial_swamp_ruin, evilmike_swamp_ruin_house_1,
          evilmike_swamp_ruin_rubble_2, evilmike_swamp_ruin_house_4, swamp_pool5
Swamp:4:  swamp_old_school, layout_basic_swamp, uniq_donald
Snake:1:  layout_honeycomb
Snake:2:  layout_grid_shapes, uniq_vashnia, uniq_agnes, uniq_aizul
Orc:1:    layout_caves, enter_volcano_2, basic_altar, uniq_harold
Orc:2:    st_orc_elflike, layout_diamond_mine, gammafunk_ghost_cemetery,
          mines3_lemuel, uniq_erolcha
Vaults:1: gammafunk_ghost_fury_of_okawaru, ontoclasm_vaults_claustrophobia,
          nicolae_vaults_diagonal_hallway_8, hangedman_vaults_hat,
          vaults_room_pool, v_misc_30, layout_vaults_quadrants, uniq_nikola
Vaults:2: grunt_vaults_bifocal, grunt_vaults_diagonal,
          nicolae_vaults_specimen_jars, nicolae_vaults_murderbox,
          vaults_mumra_chevron_long, minmay_crypt_entry_simple_corners,
          nicolae_vaults_little_squares_2, nicolae_vaults_triangles,
          v_pattern_4, ontoclasm_vaults_eye, v_rooms_2, v_rooms_3,
          ontoclasm_vaults_pinch, ontoclasm_vaults_decontamination,
          nicolae_vaults_ring_of_whatevers, nicolae_vaults_little_squares_2,
          layout_vaults_maze, serial_shops, nicolae_shop_crystal
Vaults:3: v_alt_pattern_3, nicolae_vaults_little_squares_5, v_misc_17,
          nicolae_vaults_angled_halls, nicolae_vaults_mini_display_case,
          grunt_vaults_hallway_short, v_misc_29, nicolae_vaults_network_star,
          nicolae_vaults_windows_and_doors_thing, hangedman_vaults_restitches,
          nicolae_vaults_sealed_display, layout_vaults_omnicross, serial_shops,
          nicolae_shop_behind_doors, uniq_mara
Vaults:4: ontoclasm_vaults_fault, nicolae_vaults_little_squares_2,
          nicolae_vaults_hallways_thing, nicolae_vaults_circle_grid_b,
          vaults_standard_mumra_enter_the_diamond, vaults_dpeg_hooks,
          nicolae_vaults_circle_grid_b, vaults_room_octagon,
          dpeg_vaults_monster_box, nicolae_vaults_rhombus_7,
          nicolae_vaults_ring_of_whatevers, nicolae_vaults_bisected_exclaves,
          vaults_room_fours, layout_vaults_ring, serial_shops, shop
Depths:1: layout_honeycomb, kennysheep_flooded_box, grunt_hell_entry_dis_mu,
          chequers_serial_rivers_small_a, chequers_serial_rivers_micro_a,
          ashenzari_altar_1

Skill      XL: |  1  2  3  4  5  6  7  8  9 10 11 12 13 14 15 16 17 18 19 20 |
---------------+-------------------------------------------------------------+-----
Spellcasting   | 5 6 7 8 9 10 11 12 13 14 | 14.7
Invocations    | 1 2 3 4 5 6 7 8 9 10 11 12 13 14 15 | 15.1
Short Blades   | 1 2 3 4 5 6 7 8 9 10 11 12 13 | 13.9
Axes           | 1 2 3 4 5 6 7 8 9 10 11 12 13 | 13.9
Maces & Flails | 1 2 3 4 5 6 7 8 9 10 11 12 13 | 13.9
Polearms       | 1 2 3 4 5 6 7 8 9 10 11 12 13 | 13.9
Staves         | 1 2 3 4 5 6 7 8 9 10 11 12 13 | 13.9
Ranged Weapons | 1 2 3 4 5 6 7 8 9 10 11 12 13 | 13.9
Stealth        | 1 2 3 4 5 6 7 8 9 10 11 12 13 | 13.9
Shields        | 1 2 3 4 5 6 7 8 9 10 11 12 13 | 13.9
Unarmed Combat | 1 2 3 4 5 6 7 8 9 10 11 12 13 | 13.9
Evocations     | 1 2 3 4 5 6 7 8 9 10 11 12 13 | 13.9
Conjurations   | 1 2 3 4 5 6 7 8 9 10 11 | 11.8
Hexes          | 1 2 3 4 5 6 7 8 9 10 11 | 11.8
Summonings     | 1 2 3 4 5 6 7 8 9 10 11 | 11.8
Necromancy     | 1 2 3 4 5 6 7 8 9 10 11 | 11.8
Transmutations | 1 2 3 4 5 6 7 8 9 10 11 | 11.8
Fire Magic     | 1 2 3 4 5 6 7 8 9 10 11 | 11.8
Ice Magic      | 1 2 3 4 5 6 7 8 9 10 11 | 11.8
Air Magic      | 1 2 3 4 5 6 7 8 9 10 11 | 11.8
Earth Magic    | 1 2 3 4 5 6 7 8 9 10 11 | 11.8
Poison Magic   | 1 2 3 4 5 6 7 8 9 10 11 | 11.8
Throwing       | 3 4 5 6 7 8 9 10 11 12 13 14 | 14.2
Armour         | 3 4 5 6 7 8 9 10 11 12 13 14 | 14.2
Fighting       | 5 6 7 8 9 10 11 12 13 14 | 14.6
Long Blades    | 5 6 7 8 9 10 11 12 13 14 | 14.6
Dodging        | 5 6 7 8 9 10 11 12 13 14 | 14.6
Translocations | 6 7 8 9 10 11 12 13 | 13.0

Action                   |  1- 3 |  4- 6 |  7- 9 | 10-12 | 13-15 | 16-18 | 19-21 || total
-------------------------+-------+-------+-------+-------+-------+-------+-------++-------
Melee: Falchion          |   116 |   276 |   156 |       |       |       |       ||   548
       Bite              |     8 |    32 |    40 |    43 |   102 |   136 |    49 ||   410
       Punch             |     2 |     3 |    12 |     9 |       |       |       ||    26
       Long sword        |       |       |    76 |    32 |       |       |       ||   108
       Broad axe         |       |       |       |   287 |   581 |   747 |   294 ||  1909
       Unarmed           |       |       |       |       |     1 |       |       ||     1
Throw: Javelin           |       |       |       |       |    18 |       |       ||    18
 Cast: Teleport Other    |       |     1 |       |     2 |     3 |       |       ||     6
       Gell's Gravitas   |       |     3 |       |     1 |     4 |     1 |       ||     9
       Blink             |       |     2 |       |     2 |     3 |    10 |       ||    17
       Manifold Assault  |       |       |       |    13 |    11 |     7 |    14 ||    45
       Ensorcelled Hiber |       |       |       |     3 |     7 |       |       ||    10
       Olgreb's Toxic Ra |       |       |       |       |    46 |    19 |    12 ||    77
       Yara's Violent Un |       |       |       |       |     2 |     2 |       ||     4
       Confusing Touch   |       |       |       |       |     1 |       |       ||     1
       Lesser Beckoning  |       |       |       |       |     1 |     2 |       ||     3
       Vampiric Draining |       |       |       |       |       |     2 |       ||     2
       Borgnjor's Vile C |       |       |       |       |       |     5 |     7 ||    12
Invok: Heroism           |       |       |     3 |     5 |     8 |     5 |     1 ||    22
       Finesse           |       |       |       |     2 |     6 |     2 |       ||    10
       Duel              |       |       |       |       |       |     1 |       ||     1
Evoke: Wand              |       |       |     3 |     5 |    23 |    17 |     7 ||    55
       Condenser vane    |       |       |       |       |     1 |     1 |     1 ||     3
  Use: Scroll            |       |     9 |     1 |    17 |    12 |     5 |     5 ||    49
       Potion            |       |       |     4 |       |     2 |     1 |     2 ||     9
 Stab: Sleeping          |     2 |     4 |     5 |    11 |    27 |    32 |     4 ||    85
       Paralysed         |       |       |     7 |       |     2 |     1 |       ||    10
       Distracted        |       |       |       |     4 |    24 |    28 |    11 ||    67
       Confused          |       |       |       |       |     1 |       |       ||     1
       Invisible         |       |       |       |       |    10 |       |       ||    10
Armor: Leather armour    |    16 |    38 |    19 |     7 |       |       |       ||    80
       Ring mail         |       |       |       |    63 |   124 |    14 |       ||   201
       Quicksilver drago |       |       |       |       |       |   326 |    49 ||   375
Dodge: Dodged            |    95 |   211 |   204 |   245 |   350 |   664 |   144 ||  1913
Block: Buckler           |       |       |       |    43 |   216 |   399 |   163 ||   821
       Reflection        |       |       |       |       |       |     3 |    11 ||    14

Table legend: (Time is in decaauts)
 A = Elapsed time spent in this place.
 B = Non-inter-level travel time spent in this place.
 C = Inter-level travel time spent in this place.
 D = Time resting spent in this place.
 E = Time spent auto-exploring this place.
 F = Levels seen in this place.
 G = Mean time per level.
                   A        B        C        D        E       F      G
               +--------+--------+--------+--------+--------+-----+--------+
         Total |  44385 |  40183 |   4202 |   7134 |  26116 |  35 | 1268.1 |
       Dungeon |  21335 |  18868 |   2467 |   3499 |  12134 |  15 | 1422.3 |
        Temple |    203 |    179 |     24 |      0 |    157 |   1 |  203.0 |
          Lair |   7552 |   6556 |    996 |   1253 |   4372 |   5 | 1510.4 |
         Swamp |   3652 |   3454 |    198 |    119 |   2432 |   4 |  913.0 |
     Snake Pit |   1041 |    990 |     51 |     70 |    696 |   2 |  520.5 |
  Orcish Mines |   2865 |   2480 |    385 |    551 |   1463 |   2 | 1432.5 |
        Vaults |   7710 |   7632 |     78 |   1629 |   4862 |   4 | 1927.5 |
        Depths |      1 |      1 |      0 |      0 |      0 |   1 |    1.0 |
         Arena |     22 |     22 |      0 |     12 |      0 |   1 |   22.0 |
               +--------+--------+--------+--------+--------+-----+--------+

Top non-repeatable levels by time:
     D:7: 3089 daAuts
  Lair:3: 2457 daAuts
Vaults:3: 2337 daAuts
   Orc:2: 2259 daAuts
Vaults:2: 2070 daAuts
Vaults:1: 1867 daAuts
     D:2: 1762 daAuts
     D:6: 1699 daAuts
     D:3: 1646 daAuts
  Lair:1: 1641 daAuts
    D:11: 1613 daAuts
Vaults:4: 1435 daAuts
  Lair:5: 1362 daAuts
    D:12: 1306 daAuts
 Swamp:4: 1258 daAuts
